 Dungeon Crawl Stone Soup version 0.30-a0-1103-g25895a7845 (webtiles) character file.

Game seed: 17865449816804441674

67 ytrimaz the Slasher (level 3, -3/31 HPs)
             Began as a Draconian Berserker on Apr 18, 2023.
             Was a Believer of Trog.
             Killed by nerve-wracking pain
             ... invoked by Grinder
              (13 damage)
             ... on level 3 of the Dungeon.
             The game lasted 00:02:54 (2805 turns).

ytrimaz the Slasher (Draconian Berserker)           Turns: 2805, Time: 00:02:55

Health: -3/31      AC:  8    Str: 19    XL:     3   Next: 98%
Magic:  3/3        EV: 13    Int: 13    God:    Trog [**....]
Gold:   199        SH:  0    Dex: 12    Spells: 2/2 levels left

rFire   . . .      SeeInvis .    a - +0 falchion
rCold   . . .      Faith    +    (no shield)
rNeg    . . .      Spirit   .    (body armour unavailable)
rPois   .          Reflect  .    (helmet restricted)
rElec   .          Rampage  .    b - +2 cloak
rCorr   .                        (no gloves)
Will    .....                    (no boots)
Stlth   +                        d - amulet of faith
HPRegen 0.25/turn                m - +6 ring of intelligence
MPRegen 0.08/turn                (no ring)

@: no status effects
A: AC +5, unfitting armour, cold-blooded
a: Renounce Religion, Berserk, Trog's Hand


You were on level 3 of the Dungeon.
You worshipped Trog.
Trog was pleased with you.
You visited 1 branch of the dungeon, and saw 3 of its levels.

You collected 199 gold pieces.


Innate Abilities, Weirdness & Mutations

Your plain brown scales are hard. (AC +5)
You cannot fit into any form of body armour.
You are cold-blooded and may be slowed by cold attacks.


   Skills:
 - Level 3.3 Fighting
 + Level 4.0 Long Blades
 + Level 3.6 Dodging


You had 2 spell levels left.
You didn't know any spells.
Your spell library was empty.

Inventory:

Hand Weapons
 a - a +0 falchion (weapon)
Armour
 b - a +2 cloak (worn)
   (You found it on level 3 of the Dungeon)
Jewellery
 d - an amulet of faith (around neck)
   (You found it on level 1 of the Dungeon)
 k - a ring of fire
   (You found it on level 2 of the Dungeon)
 m - a +6 ring of intelligence (left hand)
   (You found it on level 2 of the Dungeon)
Scrolls
 c - a scroll of immolation
 e - a scroll of poison
 h - a scroll of fear
 j - 2 scrolls of enchant armour
 l - a scroll of silence
Potions
 f - a potion of haste {unknown}
 g - 2 potions of curing
 i - a potion of brilliance
 n - a potion of heal wounds {unknown}
 o - 2 potions of resistance

Dungeon Overview and Level Annotations

Branches:
Dungeon (3/15) Zot: 15171

Altars:

Shops:
D:3 [

Annotations:
D:3 Grinder

#............. ...
#................ ...
#................ ...
#................ ...
#................ ...
#................ ...
#................ ...
###................ ...
#..)...@................
#.......................
#.5.....................
###.....................
#.....................
#.....................
#.....................
#.....................
#####...#########....


You could see Grinder.


Message History

You now have 199 gold pieces (gained 10).
Grinder comes into view.
Grinder shouts! 😎 HP[+1]
Your hp is fully restored (31).
Grinder gestures at you. Pain shoots through your body! 😕 HP[-2]
You take 2 damage, and now have 29/31 hp.
You hit Grinder. Grinder closely misses you.
You barely miss Grinder. Grinder hits you.
You writhe in agony. 😕 HP[-3]
You take 3 damage, and now have 26/31 hp.
Unknown command.
You hit Grinder but do no damage. You tail-slap Grinder. Grinder misses you.
You hit Grinder. Grinder gestures at you.
You suddenly lose the ability to move!
Grinder hits you but does no damage. Grinder hits you.
You writhe in agony.
Grinder gestures at you.
You barely resist.
You can move again. 😕 HP[-1]
You take 1 damage, and now have 25/31 hp.
Your skin crawls.
You feel strong-willed. Grinder hits you.
You writhe in agony. 😮 HP[-6]
You take 6 damage, and now have 19/31 hp.
Unknown command.
You closely miss Grinder. Grinder closely misses you. 😮 HP[+2]
You regained 2 hp, and now have 21/31 hp.
You hit Grinder but do no damage. You tail-slap Grinder.
Grinder closely misses you. 😮 HP[+1] Unknown command.
You hit Grinder. You punch Grinder. Grinder closely misses you. 😮 HP[+1]
You hit Grinder.
Your tail-slap misses Grinder.
Grinder gestures at you.
You resist with almost no effort. 😕 HP[+2]
You regained 2 hp, and now have 25/31 hp.
Unknown command.
You hit Grinder but do no damage. Grinder hits you.
You writhe in agony.
Grinder gestures at you.
You resist with almost no effort. 😮 HP[-5]
You take 5 damage, and now have 20/31 hp.
You barely miss Grinder. Grinder misses you. 😮 HP[+2]
You regained 2 hp, and now have 22/31 hp.
Unknown command.
You hit Grinder. You tail-slap Grinder.
Grinder blinks! 😮 HP[+1] 😕 HP[+1] Unknown command. 😕 HP[+1] 😕 HP[+2]
You regained 2 hp, and now have 27/31 hp.
Grinder hits you.
You hit Grinder but do no damage. Your punch misses Grinder.
Grinder hits you but does no damage. 😕 HP[+1]
You closely miss Grinder.
Grinder hits you but does no damage. 😕 HP[+2]
You regained 2 hp, and now have 30/31 hp.
Unknown command.
You barely miss Grinder. Grinder barely misses you. 😎 HP[+1]
Your hp is fully restored (31).
You hit Grinder but do no damage. Grinder hits you.
You writhe in agony. 😕 HP[-6]
You take 6 damage, and now have 25/31 hp.
Unknown command.
You closely miss Grinder.
You feel the effects of Trog's Hand fading.
Grinder hits you.
You writhe in agony. 😮 HP[-8]
You take 8 damage, and now have 17/31 hp.
MASSIVE DAMAGE!! (PAUSE)
You hit Grinder. Grinder barely misses you. 😮 HP[+1]
You hit Grinder but do no damage. Grinder hits you. 😮 HP[+1]
You hit Grinder but do no damage. Grinder hits you.
* * * LOW HITPOINT WARNING * * *
You writhe in agony.
* * * LOW HITPOINT WARNING * * *
Grinder blinks! 😨 HP[-10]
You take 10 damage, and now have 9/31 hp.
MASSIVE DAMAGE!! (PAUSE) 😨 HP[+1]
Your skin stops crawling.
You feel less strong-willed. Grinder gestures at you.
Pain shoots through your body!
You die...

Skill      XL: |  1  2  3 |
---------------+----------+-----
Dodging        | 3 |  3.6
Long Blades    | 4 |  4.0
Fighting       | |  3.3

Action                     || total
---------------------------++-------
  Melee: Falchion          ||   172
         Tailslap          ||    21
         Punch             ||     2
 Invoke: Trog's Hand       ||     1
    Use: Scroll            ||    10
   Stab: Sleeping          ||     1
         Distracted        ||     1
 Armour: Skin              ||    56
  Dodge: Dodged            ||   129

Levels and vault maps discovered:
D:1:      spicycebolla_arrival_xxxplode, layout_basic, st_stairs_3,
          hangedman_decor_clover_reticule, kennysheep_minor_cross,
          dk_noncrumbling_4
D:2:      layout_basic, minmay_goblin_kobold_house
D:3:      layout_basic, mainiacjoe_overflow_24_doors, serial_shops,
          nicolae_shop_waterfront, uniq_grinder

Notes
Turn   | Place    | Note
-------+----------+-------------------------------------------
     0 | D:1      | ytrimaz the Draconian Berserker began the quest for the
                  | Orb.
     0 | D:1      | Reached XP level 1. HP: 19/19 MP: 1/1
     0 | D:1      | magus.rc [v1.9.6]
   118 | D:1      | Reached skill level 3 in Dodging
   118 | D:1      | Reached XP level 2. HP: 26/26 MP: 2/2
  1154 | D:2      | Reached ** piety under Trog
  1288 | D:2      | Reached XP level 3. HP: 31/31 MP: 3/3
  2379 | D:3      | Reached skill level 4 in Long Blades
  2690 | D:3      | Found Fapsoiz's Antique Armour Shoppe.
  2773 | D:3      | Noticed Grinder
  2780 | D:3      | Paralysed by Grinder for 4 turns
  2805 | D:3      | Killed from afar by Grinder

Vanquished Creatures
  A worm (D:3)
  An orc (D:3)
  4 ball pythons
  A bat (D:3)
  3 endoplasms
  4 giant cockroaches
  8 goblins
  5 hobgoblins
  10 jackals
  3 quokkas
  A frilled lizard (D:1)
  6 kobolds
  4 rats
51 creatures vanquished.

Table legend:
 A = Non-vault XP
 B = Vault XP
 C = Vault XP percentage of total XP
 D = Non-vault monster count
 E = Vault monster count
 F = Vault count percentage of total count
                 A         B        C        D         E       F
            +---------+---------+-------+---------+---------+-------
      Total |      85 |      11 |  11.5 |      45 |       6 |  11.8
            +---------+---------+-------+---------+---------+-------
        D:1 |      28 |       1 |   3.4 |      16 |       1 |   5.9
        D:2 |      29 |      10 |  25.6 |      16 |       5 |  23.8
        D:3 |      28 |       0 |   0.0 |      13 |       0 |   0.0
            +---------+---------+-------+---------+---------+-------

Illustrated notes

Table legend:
 A = Kills in this place as a percentage of kills in the entire game.
 B = Kills by you in this place as a percentage of kills by you in the entire game.
 C = Kills by friends in this place as a percentage of kills by friends in the entire game.
 D = Other kills in this place as a percentage of other kills in the entire game.
 E = Experience gained in this place as a percentage of experience gained in the entire game.
 F = Experience gained in this place divided by the number of levels of this place that you have seen.
                   A       B       C       D       E      F
               +-------+-------+-------+-------+-------+----------------------
         Total | 100.0 | 100.0 |   N/A |   N/A | 100.0 |  32.0
       Dungeon | 100.0 | 100.0 |   N/A |   N/A | 100.0 |  32.0
               +-------+-------+-------+-------+-------+----------------------

Table legend: (Time is in decaauts)
 A = Elapsed time spent in this place.
 B = Non-inter-level travel time spent in this place.
 C = Inter-level travel time spent in this place.
 D = Time resting spent in this place.
 E = Time spent auto-exploring this place.
 F = Levels seen in this place.
 G = Mean time per level.
                   A        B        C        D        E       F      G
               +--------+--------+--------+--------+--------+-----+--------+
         Total |   2827 |   2721 |    106 |     29 |   2238 |   3 |  942.3 |
       Dungeon |   2827 |   2721 |    106 |     29 |   2238 |   3 |  942.3 |
               +--------+--------+--------+--------+--------+-----+--------+

Top non-repeatable levels by time:
     D:1: 1146 daAuts
     D:3: 878 daAuts
     D:2: 802 daAuts
